 Dungeon Crawl Stone Soup version 0.31-a0-819-gf6de2f5ab6 (webtiles) character file.

Game seed: 8372262634895233467

12 Shayle the Vexing (level 2, -1/27 HPs)
             Began as an Ogre Hexslinger on Sept 24, 2023.
             Slain by an adder (2 damage)
             ... on level 2 of the Dungeon.
             The game lasted 00:01:17 (775 turns).

Shayle the Vexing (Ogre Hexslinger)                  Turns: 775, Time: 00:01:18

Health: -1/27      AC:  3    Str: 11    XL:     2   Next: 33%
Magic:  3/3        EV: 10    Int: 14    God:
Gold:   83         SH:  0    Dex: 11    Spells: 3/3 levels left

rFire   . . .        a - +1 sling
rCold   . . .        (no shield)
rNeg    . . .        c - +0 robe
rPois   .            (helmet restricted)
rElec   .            (no cloak)
rCorr   +            (gloves unavailable)
SInv    .            (boots unavailable)
Will    .....        k - amulet of the acrobat
Stlth   +            i - ring of wizardry
HPRegen 0.24/turn    j - ring of resist corrosion
MPRegen 0.08/turn

%: acrobat, wizardry (x1)
@: mighty, lethally poisoned (-1 -> -6)
A: large, unfitting armour, tough skin 1
a: no special abilities


You were on level 2 of the Dungeon.
You visited 1 branch of the dungeon, and saw 2 of its levels.

You collected 83 gold pieces.

Inventory:

Hand Weapons
 a - a +1 sling (weapon)
Armour
 c - a +0 robe (worn)
Jewellery
 i - a ring of wizardry (left hand)
 j - a ring of resist corrosion (right hand)
 k - an amulet of the acrobat (around neck)
Scrolls
 b - a scroll of poison
 d - a scroll of blinking {unknown}
 f - a scroll of fog {unknown}
 g - a scroll of immolation {unknown}
 l - a scroll of torment {unknown}
 m - a scroll of noise {unknown}


   Skills:
 - Level 1.3 Fighting
 - Level 1.3 Ranged Weapons
 - Level 1.7 Dodging
 + Level 1.7 Unarmed Combat
 - Level 1.2 Spellcasting
 - Level 2.6 Hexes
 - Level 0.8 Fire Magic


You had 3 spell levels left.
You didn't know any spells.
Your spell library contained the following spells:

 Spells                   Type           Power      Damage    Failure   Level
 Jinxbite                 Hex            16%        N/A       5%          2
 Freeze                   Ice            0%         1d3       11%         1
 Sigil of Binding         Hex            8%         N/A       11%         3
 Inner Flame              Hex/Fire       5%         N/A       16%         3
 Frozen Ramparts          Ice            0%         1d1       30%         3
 Hailstorm                Conj/Ice       0%         3d3       30%         3
 Cause Fear               Hex            4%         N/A       32%         4
 Dimensional Bullseye     Hex/Tloc       2%         N/A       50%         4


Dungeon Overview and Level Annotations

Branches:
Dungeon (2/15)

Altars:
Ru
Uskayaw


Innate Abilities, Weirdness & Mutations

You are too large for most types of armour.
You have tough skin. (AC +1)


Message History

The adder poisons you!
It was a potion of cancellation.
You feel magically purged.
* * * LOW HITPOINT WARNING * * *
You feel very sick. The adder barely misses you.
It was a potion of might.
You feel very mighty all of a sudden.
* * * LOW HITPOINT WARNING * * *
You feel sick. The adder closely misses you.
It was a potion of heal wounds.
You feel much better.
You feel sick. The adder bites you. x2
You are more poisoned.
The adder poisons you!
You aren't carrying any items that you can evoke.
Unknown command.
You shoot a sling bullet.
The sling bullet barely misses the adder.
You feel very sick. The adder bites you.
You shoot a sling bullet. The sling bullet hits the adder.
The adder is moderately wounded.
You feel sick. The adder closely misses you.
The adder bites you but does no damage.
You shoot a sling bullet.
The sling bullet barely misses the adder.
You feel sick. The adder bites you. x2
* * * LOW HITPOINT WARNING * * *
You are lethally poisoned!
The adder poisons you!
You shoot a sling bullet. The sling bullet misses the adder.
* * * LOW HITPOINT WARNING * * *
You feel very sick. The adder closely misses you. The adder bites you.
* * * LOW HITPOINT WARNING * * *
Unknown command.
You shoot a sling bullet.
The sling bullet barely misses the adder.
* * * LOW HITPOINT WARNING * * *
You feel sick. The adder bites you.
You die...

. .######## ........####
##..###....#
#....#####.### . ..##.#
#...## ..# .....#
###..######...# ..#..#
##.##.....>.#
.....########...@.....#
............#....S.....#
..#.........#..........#
#..#................)..#
##...........#.........#
..##.........#.........#
#...............>.......
.......................#
..##..............


You could see an adder.

Vanquished Creatures
  An endoplasm (D:2)
  A goblin (D:2)
  3 jackals (D:1)
  A kobold (D:2)
  2 ball pythons (D:1)
  2 bats (D:1)
  A frilled lizard (D:1)
11 creatures vanquished.

Notes
Turn   | Place    | Note
-------+----------+-------------------------------------------
     0 | D:1      | Shayle the Ogre Hexslinger began the quest for the Orb.
     0 | D:1      | Reached XP level 1. HP: 19/19 MP: 2/2
   138 | D:1      | Reached skill level 1 in Unarmed Combat
   384 | D:1      | Reached XP level 2. HP: 26/27 MP: 3/3
   674 | D:1      | Found a sacrificial altar of Ru.
   707 | D:2      | Found a hide-covered altar of Uskayaw.
   775 | D:2      | HP: 1/27 [poisoned by an adder]
   775 | D:2      | Slain by an adder

Illustrated notes

Levels and vault maps discovered:
D:1:      dpeg_arrival_water_altar, layout_loops_ring
D:2:      layout_rooms, basic_altar

Skill      XL: |  1 |
---------------+----+-----
Unarmed Combat | 1 |  1.7
Fighting       | |  1.3
Ranged Weapons | |  1.3
Dodging        | |  1.7
Spellcasting   | |  1.2
Hexes          | |  2.6
Fire Magic     | |  0.8

Action                     || total
---------------------------++-------
   Fire: Sling             ||    49
    Use: Potion            ||     3
 Armour: Robe              ||    32
  Dodge: Dodged            ||    30

Table legend: (Time is in decaauts)
 A = Elapsed time spent in this place.
 B = Non-inter-level travel time spent in this place.
 C = Inter-level travel time spent in this place.
 D = Time resting spent in this place.
 E = Time spent auto-exploring this place.
 F = Levels seen in this place.
 G = Mean time per level.
                   A        B        C        D        E       F      G
               +--------+--------+--------+--------+--------+-----+--------+
         Total |    789 |    761 |     28 |      0 |    653 |   2 |  394.5 |
       Dungeon |    789 |    761 |     28 |      0 |    653 |   2 |  394.5 |
               +--------+--------+--------+--------+--------+-----+--------+

Top non-repeatable levels by time:
     D:1: 713 daAuts
     D:2: 76 daAuts
